[Event "Winter Malopolska Cup Master 2022"]
[Site "Krakow"]
[Date "2022.01.15"]
[Round "1.7"]
[White "Czaplak, Lukasz"]
[Black "Kania, Franciszek"]
[Result "1-0"]
[ECO "B38"]
[WhiteElo "1877"]
[BlackElo "1528"]
[Annotator "NA RC"]
[PlyCount "109"]
[EventDate "2022.01.15"]
[EventType "swiss"]
[EventCountry "POL"]
[SourceTitle "playchess.com"]
[Source "ChessBase"]
[SourceQuality "1"]
[TimeControl "5400+30"]

1. e4 c5 2. Nf3 g6 3. d4 cxd4 4. Nxd4 Bg7 5. c4 Nc6 6. Be3 Nf6 7. Nc3 O-O 8. Be2 d6 9. O-O Bd7 10. h3 Nxd4 11. Bxd4 Bc6 12. f4 Nd7 13. Bxg7 Kxg7 14. Kh1 a5 15. Qd2 f6 16. Bf3 Qb6 17. Rae1 Rad8 18. Nd5 Bxd5 19. exd5 Rfe8 20. Re3 Nc5 21. Rfe1 Rd7 22. f5 Qd8 23. Bg4 Rc7 24. Qxa5 Rh8 25. Qxc7 Qxc7 26. Rxe7+ Qxe7 27. Rxe7+ Kh6 28. b4 Nd3 29. fxg6 hxg6 30. Rxb7 Kg5 31. Be2 Nf4 32. Bf1 Ra8 33. Rd7 Rxa2 34. Rxd6 Kh4 35. Rxf6 Kg3 36. Rxf4 Kxf4 37. Kh2 Rb2 38. b5 Ke5 39. Kg3 Kd6 40. h4 Kc5 41. Kf3 Rb3+ 42. Kf2 Rc3 43. Be2 Rb3 44. Bf1 Rc3 45. g4 Ra3 46. h5 g5 47. h6 Ra8 48. h7 Rh8 49. Bd3 Kd4 50. Ke2 Re8+ 51. Kd2 Rh8 52. d6 Kc5 53. d7 Kd4 54. Bg6 Kxc4 55. Be8 1-0

[Event "Winter Malopolska Cup Master 2022"]
[Site "Krakow"]
[Date "2022.01.15"]
[Round "2.5"]
[White "Tokarz, Izabela"]
[Black "Wilk, Igor"]
[Result "1/2-1/2"]
[ECO "D35"]
[WhiteElo "1728"]
[BlackElo "1768"]
[Annotator "NA RC"]
[PlyCount "61"]
[EventDate "2022.01.15"]
[EventType "swiss"]
[EventCountry "POL"]
[SourceTitle "playchess.com"]
[Source "ChessBase"]
[SourceQuality "1"]
[TimeControl "5400+30"]

1. d4 d5 2. c4 e6 3. Nc3 Nf6 4. cxd5 exd5 5. Bg5 Be7 6. Qc2 c6 7. e3 O-O 8. Bd3 Nbd7 9. Nge2 Re8 10. O-O h6 11. Bh4 Ne4 12. Bxe7 Qxe7 13. Rae1 Ndf6 14. f3 Nxc3 15. Nxc3 Qd6 16. Qf2 Bd7 17. Bb1 c5 18. Rd1 cxd4 19. Rxd4 Qe5 20. e4 dxe4 21. Nxe4 Bc6 22. Rfd1 Nxe4 23. Bxe4 Bxe4 24. Rxe4 Qa5 25. Rxe8+ Rxe8 26. a3 Qb5 27. Rd2 a6 28. h3 Qc6 29. Rc2 Qd6 30. Rd2 Qc6 31. Rc2 1/2-1/2

[Event "Winter Malopolska Cup Master 2022"]
[Site "Krakow"]
[Date "2022.01.15"]
[Round "2.6"]
[White "Kania, Franciszek"]
[Black "Szopa, Emilia"]
[Result "0-1"]
[ECO "B17"]
[WhiteElo "1528"]
[BlackElo "1588"]
[Annotator "NA RC"]
[PlyCount "72"]
[EventDate "2022.01.15"]
[EventType "swiss"]
[EventCountry "POL"]
[SourceTitle "playchess.com"]
[Source "ChessBase"]
[SourceQuality "1"]
[TimeControl "5400+30"]

1. e4 c6 2. d4 d5 3. Nc3 dxe4 4. Nxe4 Nd7 5. Nf3 Ngf6 6. Nxf6+ Nxf6 7. Bd3 Bg4 8. c3 e6 9. Bf4 Be7 10. Qd2 Bxf3 11. gxf3 Nd5 12. Bg3 Bd6 13. O-O-O Qc7 14. Kb1 O-O-O 15. Qc2 h5 16. Rde1 h4 17. Be5 Bxe5 18. dxe5 Rh5 19. Re4 Rdh8 20. f4 h3 21. Qe2 Qb6 22. Ka1 Rf5 23. Qg4 g6 24. f3 Qd8 25. Ra4 Ne3 26. Bxf5 Nxg4 27. Bxg4 c5 28. Rxa7 Kb8 29. Ra4 Qd2 30. Re4 Rd8 31. Ree1 Qxf4 32. Re4 Qd2 33. a3 Qc2 34. Bxh3 Rd1+ 35. Rxd1 Qxd1+ 36. Ka2 Qxf3 0-1

[Event "Winter Malopolska Cup Master 2022"]
[Site "Krakow"]
[Date "2022.01.16"]
[Round "3.1"]
[White "Golenia, Wojciech"]
[Black "Kyc, Jerzy"]
[Result "1-0"]
[ECO "A38"]
[WhiteElo "2059"]
[BlackElo "2250"]
[Annotator "ChessBase"]
[PlyCount "115"]
[EventDate "2022.01.15"]
[EventType "swiss"]
[EventCountry "POL"]
[SourceTitle "playchess.com"]
[Source "ChessBase"]
[SourceQuality "1"]
[TimeControl "5400+30"]

1. c4 c5 2. Nc3 Nc6 3. g3 g6 4. Bg2 Bg7 5. Nf3 Nf6 6. O-O O-O 7. d3 b6 8. a3 Bb7 9. Rb1 d5 10. cxd5 Nxd5 11. Bd2 e5 12. Qa4 Re8 13. Rfc1 Nd4 14. Nxd4 exd4 15. Nxd5 Bxd5 16. Re1 Bxg2 17. Kxg2 Qd5+ 18. Kg1 Re7 19. b4 cxb4 20. Bxb4 Re6 21. Rbc1 a5 22. Bd2 h5 23. Qc4 Qf5 24. a4 h4 25. Rb1 Rae8 26. Qb5 Qxb5 27. Rxb5 Rxe2 28. Kf1 Rxe1+ 29. Bxe1 hxg3 30. fxg3 Re6 31. Rd5 Re3 32. Rd8+ Kh7 33. Rd6 Rxd3 34. Rxb6 Ra3 35. Bxa5 Rxa4 36. Bd2 Ra2 37. Ke1 Bh6 38. Bxh6 Kxh6 39. Rd6 Rxh2 40. Rxd4 Rg2 41. Rd3 Kh5 42. Kf1 Rb2 43. Rd4 f5 44. Rh4+ Kg5 45. Ra4 Rd2 46. Rb4 Rh2 47. Kg1 Re2 48. Kf1 Re4 49. Rb6 Kh5 50. Kg2 g5 51. Kf3 Rc4 52. Rb5 Rc3+ 53. Kg2 Rc2+ 54. Kf3 g4+ 55. Kf4 Rf2+ 56. Ke5 Rf3 57. Kf6 Rxg3 58. Rb8 1-0

[Event "Winter Malopolska Cup Master 2022"]
[Site "Krakow"]
[Date "2022.01.16"]
[Round "3.2"]
[White "Pniaczek, Marek"]
[Black "Trybus, Daniel"]
[Result "1/2-1/2"]
[ECO "B23"]
[WhiteElo "2329"]
[BlackElo "2067"]
[Annotator "ChessBase"]
[PlyCount "93"]
[EventDate "2022.01.15"]
[EventType "swiss"]
[EventCountry "POL"]
[SourceTitle "playchess.com"]
[Source "ChessBase"]
[SourceQuality "1"]
[TimeControl "5400+30"]

1. e4 c5 2. Nc3 d6 3. d4 cxd4 4. Qxd4 Nc6 5. Qd2 g6 6. b3 Bg7 7. Bb2 f5 8. O-O-O Nf6 9. exf5 Bxf5 10. Bd3 Qa5 11. Nf3 O-O-O 12. Kb1 Kb8 13. Rhe1 Rc8 14. Bxf5 gxf5 15. Nd5 Qxd2 16. Rxd2 Ne4 17. Bxg7 Rhg8 18. Bh6 e6 19. Nf4 Nxd2+ 20. Nxd2 e5 21. Nc4 exf4 22. Nxd6 Rcd8 23. Nxf5 Ka8 24. Bxf4 Rdf8 25. g4 Rxg4 26. Bg3 a6 27. Nd6 h5 28. h4 Rd8 29. Nc4 Rf8 30. c3 b5 31. Re6 bxc4 32. Rxc6 cxb3 33. axb3 Kb7 34. Rd6 Rf5 35. Kb2 Re4 36. Rd3 Re2+ 37. Ka3 Ra5+ 38. Kb4 Rb5+ 39. Kc4 Re4+ 40. Rd4 Rxd4+ 41. cxd4 Kc6 42. Be5 a5 43. f4 Rb4+ 44. Kc3 Kd5 45. f5 Rb6 46. f6 Rb7 47. Kc2 1/2-1/2

[Event "Winter Malopolska Cup Master 2022"]
[Site "Krakow"]
[Date "2022.01.16"]
[Round "3.3"]
[White "Czaplak, Lukasz"]
[Black "Saraev, Yaroslav"]
[Result "0-1"]
[ECO "B84"]
[WhiteElo "1877"]
[BlackElo "1922"]
[Annotator "ChessBase"]
[PlyCount "198"]
[EventDate "2022.01.15"]
[EventType "swiss"]
[EventCountry "POL"]
[SourceTitle "playchess.com"]
[Source "ChessBase"]
[SourceQuality "1"]
[TimeControl "5400+30"]

1. e4 c5 2. Nf3 d6 3. d4 cxd4 4. Nxd4 Nf6 5. Nc3 a6 6. Be2 e6 7. O-O Be7 8. Be3 O-O 9. f4 Qc7 10. Bf3 Nc6 11. Nxc6 bxc6 12. Qd2 d5 13. e5 Nd7 14. Ne2 Bb7 15. c3 c5 16. b4 Nb6 17. Bxc5 Bxc5+ 18. bxc5 Na4 19. Rab1 Nxc5 20. Qd4 Rab8 21. Rb4 a5 22. Rb5 Rbc8 23. Rfb1 Ba6 24. Rb6 Bd3 25. R1b2 Bc4 26. Nc1 Na4 27. Rb7 Qc6 28. Rb1 Ba6 29. Ra7 Qxc3 30. Qxc3 Nxc3 31. Ra1 Ra8 32. Rxa8 Rxa8 33. Kf2 a4 34. a3 Rb8 35. Ke3 h6 36. Nd3 Bxd3 37. Kxd3 Rb1 38. Rxb1 Nxb1 39. Bd1 Nxa3 40. Bxa4 Nc4 41. Bb3 Na5 42. Ba2 Nc6 43. Bb3 Kf8 44. g3 Ke7 45. Kc3 f6 46. Ba4 Nd8 47. Kd4 fxe5+ 48. fxe5 Nf7 49. h4 h5 50. Bd1 Nh6 51. Bc2 Kf7 52. Ke3 Nf5+ 53. Kf4 Nd4 54. Ba4 Ne2+ 55. Kf3 Nc3 56. Bc2 d4 57. Bd3 Ke7 58. Bg6 Kd7 59. Bf7 Ke7 60. Bxh5 Kd7 61. Bg6 Kc6 62. Bd3 Kd5 63. Kf4 Nd1 64. g4 Nf2 65. Bb5 d3 66. g5 d2 67. Ba4 Nd3+ 68. Ke3 Nxe5 69. Kxd2 Nf3+ 70. Ke3 Nxh4 71. Bd1 Ke5 72. Bc2 Nf5+ 73. Kf2 Kf4 74. g6 Kg5 75. Bb3 Nd4 76. Bc4 Kxg6 77. Ke3 e5 78. Ke4 Kf6 79. Bf1 Ne6 80. Bg2 Ng5+ 81. Ke3 Kf5 82. Bb7 Nf7 83. Bc8+ Kf6 84. Bg4 Nd6 85. Bh3 Kg5 86. Kf3 Kh4 87. Be6 g5 88. Bd7 e4+ 89. Ke3 g4 90. Kf2 g3+ 91. Kg2 Nf7 92. Be8 Ng5 93. Bg6 e3 94. Bd3 Nh3 95. Kf3 Nf4 96. Bf1 e2 97. Bxe2 Nxe2 98. Kxe2 Kh3 99. Kf1 Kh2 0-1

[Event "Winter Malopolska Cup Master 2022"]
[Site "Krakow"]
[Date "2022.01.16"]
[Round "3.4"]
[White "Mirski, Michal"]
[Black "Tokarz, Izabela"]
[Result "1-0"]
[ECO "B53"]
[WhiteElo "2039"]
[BlackElo "1728"]
[Annotator "ChessBase"]
[PlyCount "59"]
[EventDate "2022.01.15"]
[EventType "swiss"]
[EventCountry "POL"]
[SourceTitle "playchess.com"]
[Source "ChessBase"]
[SourceQuality "1"]
[TimeControl "5400+30"]

1. e4 c5 2. Nf3 d6 3. d4 cxd4 4. Qxd4 Nc6 5. Bb5 Bd7 6. Bxc6 Bxc6 7. Bg5 Nf6 8. Nc3 e6 9. O-O-O Be7 10. Rhe1 Qc7 11. Qe3 O-O 12. Bxf6 Bxf6 13. g4 g6 14. g5 Bh8 15. Nd4 b5 16. f4 Bd7 17. e5 dxe5 18. fxe5 b4 19. Ne4 Qxe5 20. Qf2 Qa5 21. Kb1 Rad8 22. Qh4 f5 23. gxf6 Qh5 24. Qxh5 gxh5 25. Rg1+ Kf7 26. Rdf1 Bc8 27. Ng5+ Ke8 28. Ndxe6 Rxf6 29. Nxd8 Kxd8 30. Nf7+ 1-0

[Event "Winter Malopolska Cup Master 2022"]
[Site "Krakow"]
[Date "2022.01.16"]
[Round "3.5"]
[White "Szopa, Emilia"]
[Black "Nowak, Maciej"]
[Result "1-0"]
[ECO "B17"]
[WhiteElo "1588"]
[BlackElo "2005"]
[Annotator "ChessBase"]
[PlyCount "63"]
[EventDate "2022.01.15"]
[EventType "swiss"]
[EventCountry "POL"]
[SourceTitle "playchess.com"]
[Source "ChessBase"]
[SourceQuality "1"]
[TimeControl "5400+30"]

1. e4 c6 2. d4 d5 3. Nc3 dxe4 4. Nxe4 Nd7 5. Bc4 Ngf6 6. Ng5 e6 7. Qe2 Nb6 8. Bd3 Qxd4 9. N1f3 Bb4+ 10. c3 Bxc3+ 11. Kf1 Qb4 12. bxc3 Qxc3 13. Bb2 Qa5 14. Ne4 Ke7 15. a4 Nxe4 16. Qxe4 f6 17. Nd4 Bd7 18. Nb3 Qg5 19. Nc5 Rab8 20. Ba3 Kd8 21. Nxe6+ Bxe6 22. Qxe6 Re8 23. Qd6+ Kc8 24. a5 Qxa5 25. Qxb8+ Kd7 26. Qxb7+ Ke6 27. Bb2 Qd2 28. Qxc6+ Kf7 29. Rxa7+ Kf8 30. Ba3+ Re7 31. Bxe7+ Kf7 32. Bb4+ 1-0

[Event "Winter Malopolska Cup Master 2022"]
[Site "Krakow"]
[Date "2022.01.16"]
[Round "3.6"]
[White "Wilk, Igor"]
[Black "Kania, Franciszek"]
[Result "1/2-1/2"]
[ECO "E70"]
[WhiteElo "1768"]
[BlackElo "1528"]
[Annotator "NA"]
[PlyCount "97"]
[EventDate "2022.01.15"]
[EventType "swiss"]
[EventCountry "POL"]
[SourceTitle "playchess.com"]
[Source "ChessBase"]
[SourceQuality "1"]
[TimeControl "5400+30"]

1. d4 Nf6 2. c4 g6 3. Nc3 Bg7 4. e4 d6 5. Bd3 O-O 6. Nge2 e5 7. d5 a5 8. O-O Nbd7 9. f3 Nc5 10. Bc2 Nh5 11. Be3 f5 12. exf5 gxf5 13. Kh1 Qh4 14. b3 Bd7 15. Qd2 Qe7 16. Rad1 b6 17. Rg1 Kh8 18. a3 Rae8 19. b4 Nb7 20. g4 fxg4 21. fxg4 Nf4 22. Nxf4 exf4 23. Bd4 Be5 24. Rdf1 Qg7 25. Bxe5 dxe5 26. Ne4 axb4 27. axb4 Nd6 28. Qd3 Re7 29. h3 Qh6 30. Rg2 Nxe4 31. Qxe4 Bxg4 32. Rh2 Bf5 33. Qe2 Bxc2 34. Qxc2 Qh5 35. c5 bxc5 36. bxc5 Qf5 37. d6 cxd6 38. cxd6 Rd7 39. Qxf5 Rxf5 40. Rd2 Rf6 41. Re2 Rf5 42. Rfe1 f3 43. Rxe5 f2 44. Re8+ Kg7 45. Rf1 Rxd6 46. Re2 Rdf6 47. Kg2 Rg6+ 48. Kh2 Rgf6 49. Kg2 1/2-1/2

[Event "Winter Malopolska Cup Master 2022"]
[Site "Krakow"]
[Date "2022.01.16"]
[Round "3.7"]
[White "Klementys, Jerzy"]
[Black "Owoc, Jakub"]
[Result "1-0"]
[ECO "E91"]
[WhiteElo "1564"]
[BlackElo "1701"]
[Annotator "NA"]
[PlyCount "187"]
[EventDate "2022.01.15"]
[EventType "swiss"]
[EventCountry "POL"]
[SourceTitle "playchess.com"]
[Source "ChessBase"]
[SourceQuality "1"]
[TimeControl "5400+30"]

1. d4 Nf6 2. c4 g6 3. Nc3 Bg7 4. e4 d6 5. Nf3 O-O 6. Be2 Nbd7 7. O-O e5 8. Be3 Qe7 9. h3 exd4 10. Bxd4 Nxe4 11. Nxe4 Qxe4 12. Bxg7 Kxg7 13. Re1 Nc5 14. b4 Ne6 15. Bd3 Qf4 16. Qc2 Bd7 17. Qc3+ Qf6 18. Qxf6+ Kxf6 19. b5 Nc5 20. Bc2 Be6 21. Nd2 Rfe8 22. Rac1 a6 23. a4 Bf5 24. Rxe8 Rxe8 25. Bxf5 Kxf5 26. a5 h5 27. Kf1 Nd3 28. Rd1 Ne5 29. Rb1 Ke6 30. Rb3 Kd7 31. f4 Nxc4 32. Nxc4 Re4 33. bxa6 bxa6 34. Nb2 Rxf4+ 35. Ke2 Rf5 36. Ra3 Rc5 37. Nd3 Rc2+ 38. Kf3 c5 39. Nf4 Rb2 40. Nd5 Kc6 41. Ne7+ Kb5 42. Nd5 c4 43. Ra1 Kc5 44. Nc7 Rb7 45. Na8 Rb3+ 46. Ke2 d5 47. Nc7 Rb7 48. Na8 Rb2+ 49. Kf3 d4 50. Nc7 Rb7 51. Na8 Rb3+ 52. Ke2 Rb2+ 53. Kf3 c3 54. Nc7 c2 55. Rc1 Kc4 56. Nxa6 d3 57. Ke3 Kc3 58. Nc5 Rb4 59. Nxd3 Rb3 60. Ke2 Rb5 61. a6 Ra5 62. Ne1 Rxa6 63. Rxc2+ Kd4 64. Rc7 Rf6 65. Re7 Kd5 66. Nf3 Kd6 67. Re8 Kd7 68. Re3 Kd6 69. Kf2 g5 70. Kg3 Rg6 71. Nd4 Kd5 72. Nf5 Rf6 73. Ne7+ Kd4 74. Rf3 Ke5 75. Rxf6 Kxf6 76. Nd5+ Ke5 77. Nb6 f5 78. Kf2 f4 79. Nc4+ Kf5 80. Ke2 g4 81. h4 Ke4 82. Nd6+ Kd4 83. Kf2 Ke5 84. Nb5 Ke4 85. Nc3+ Kd4 86. Ne2+ Ke4 87. g3 fxg3+ 88. Nxg3+ Kf4 89. Nxh5+ Kf5 90. Ng3+ Kf4 91. h5 Kg5 92. Ke3 Kh4 93. Kf4 Kh3 94. h6 1-0

[Event "Winter Malopolska Cup Master 2022"]
[Site "Krakow"]
[Date "2022.01.16"]
[Round "4.5"]
[White "Tokarz, Izabela"]
[Black "Klementys, Jerzy"]
[Result "1-0"]
[ECO "D88"]
[WhiteElo "1728"]
[BlackElo "1564"]
[Annotator "NA RC"]
[PlyCount "83"]
[EventDate "2022.01.15"]
[EventType "swiss"]
[EventCountry "POL"]
[SourceTitle "playchess.com"]
[Source "ChessBase"]
[SourceQuality "1"]
[TimeControl "5400+30"]

1. d4 Nf6 2. c4 g6 3. Nc3 d5 4. cxd5 Nxd5 5. e4 Nxc3 6. bxc3 Bg7 7. Bc4 c5 8. Ne2 O-O 9. O-O cxd4 10. cxd4 Nc6 11. Be3 Bg4 12. f3 Bd7 13. Rb1 b6 14. h3 e6 15. e5 h6 16. Qd2 Kh7 17. Nc3 Ne7 18. Bf2 Bc6 19. Rbd1 Rc8 20. Bb3 Qc7 21. Ne4 Rcd8 22. Qf4 Nd5 23. Bxd5 Bxd5 24. Rc1 Qb8 25. Bh4 Rd7 26. Nf6+ Bxf6 27. Bxf6 Bxa2 28. Qh4 Rc8 29. Bg5 h5 30. Qf2 Bc4 31. Rfd1 Rdc7 32. g4 Bb3 33. Rxc7 Qxc7 34. Re1 Qc3 35. gxh5 gxh5 36. Qh4 Qxf3 37. Rf1 Qe2 38. Rxf7+ Kg8 39. Rf2 Qe1+ 40. Kh2 Qxf2+ 41. Qxf2 Rc2 42. Bd2 1-0

[Event "Winter Malopolska Cup Master 2022"]
[Site "Krakow"]
[Date "2022.01.16"]
[Round "4.7"]
[White "Kania, Franciszek"]
[Black "Owoc, Jakub"]
[Result "0-1"]
[ECO "B19"]
[WhiteElo "1528"]
[BlackElo "1701"]
[Annotator "NA RC"]
[PlyCount "88"]
[EventDate "2022.01.15"]
[EventType "swiss"]
[EventCountry "POL"]
[SourceTitle "playchess.com"]
[Source "ChessBase"]
[SourceQuality "1"]
[TimeControl "5400+30"]

1. e4 c6 2. d4 d5 3. Nc3 dxe4 4. Nxe4 Bf5 5. Ng3 Bg6 6. Nf3 Nd7 7. h4 h6 8. h5 Bh7 9. Bd3 Bxd3 10. Qxd3 e6 11. Bd2 Ngf6 12. O-O-O Qc7 13. Kb1 Bd6 14. Ne4 Nxe4 15. Qxe4 Nf6 16. Qe2 O-O-O 17. c4 c5 18. Bc3 cxd4 19. Bxd4 Kb8 20. Ne5 Rhf8 21. Qe3 b6 22. Rhe1 Rc8 23. g4 Rfe8 24. g5 Ng8 25. Qb3 f6 26. gxf6 gxf6 27. Ng4 e5 28. Be3 Red8 29. Rc1 Qf7 30. Red1 f5 31. Rxd6 Rxd6 32. Nxe5 Qb7 33. Bf4 Ka8 34. Re1 Rd4 35. Qg3 Nf6 36. Bxh6 Nxh5 37. Qg6 Re4 38. Nd3 Rxe1+ 39. Nxe1 Qe4+ 40. Nc2 Rxc4 41. Qg8+ Kb7 42. Qf7+ Ka6 43. Qxh5 Qxc2+ 44. Ka1 Qc1+ 0-1

[Event "Winter Malopolska Cup Master 2022"]
[Site "Krakow"]
[Date "2022.01.17"]
[Round "5.1"]
[White "Trybus, Daniel"]
[Black "Kyc, Jerzy"]
[Result "1-0"]
[ECO "B90"]
[WhiteElo "2067"]
[BlackElo "2250"]
[Annotator "ChessBase"]
[PlyCount "125"]
[EventDate "2022.01.15"]
[EventType "swiss"]
[EventCountry "POL"]
[TimeControl "5400+30"]

1. e4 c5 2. Nf3 d6 3. d4 cxd4 4. Nxd4 Nf6 5. Nc3 a6 6. f3 e5 7. Nb3 Be7 8. Be3 Be6 9. Qd2 O-O 10. O-O-O Nbd7 11. g4 b5 12. g5 b4 13. gxf6 bxc3 14. Qxc3 Nxf6 15. Na5 Qd7 16. Nc6 Rfc8 17. Nxe7+ Qxe7 18. Qa5 h6 19. b3 Rc6 20. Bb5 Rc7 21. Be2 Rac8 22. c4 Rc6 23. Kb2 Nh5 24. Rd3 f5 25. Qd2 Nf6 26. Rd1 Rd8 27. exf5 Bxf5 28. Rd5 Kh8 29. Bd3 Be6 30. Bxh6 Bxd5 31. cxd5 Rc5 32. Rg1 Rg8 33. Bg5 Rgc8 34. Bf5 e4 35. Qf4 Nh5 36. Bxe7 Nxf4 37. Bxc8 Nd3+ 38. Kb1 Rxc8 39. fxe4 Re8 40. Bxd6 Rxe4 41. Rd1 Nf2 42. Rd2 Re1+ 43. Kb2 Nd1+ 44. Ka3 Nc3 45. Bg3 Re7 46. Kb4 Ne4 47. Re2 Rb7+ 48. Kc4 Nf6 49. d6 Kg8 50. Re7 Rxe7 51. dxe7 Kf7 52. Be5 Ng4 53. Bd6 Ke8 54. Kc5 Kd7 55. Kb6 Nf6 56. Ba3 Ng4 57. Kxa6 Nxh2 58. b4 Nf3 59. b5 g5 60. b6 Nd4 61. b7 Nc6 62. Kb6 g4 63. e8=Q+ 1-0

[Event "Winter Malopolska Cup Master 2022"]
[Site "Krakow"]
[Date "2022.01.17"]
[Round "5.2"]
[White "Golenia, Wojciech"]
[Black "Mirski, Michal"]
[Result "1/2-1/2"]
[ECO "A36"]
[WhiteElo "2059"]
[BlackElo "2039"]
[Annotator "ChessBase"]
[PlyCount "64"]
[EventDate "2022.01.15"]
[EventType "swiss"]
[EventCountry "POL"]
[TimeControl "5400+30"]

1. c4 c5 2. Nc3 Nc6 3. g3 g6 4. Bg2 Bg7 5. b3 Nf6 6. Bb2 O-O 7. e3 d6 8. Nge2 Bg4 9. h3 Bf5 10. d4 Qc8 11. a3 Rb8 12. d5 Na5 13. g4 Bd7 14. a4 a6 15. g5 Ne8 16. h4 Qd8 17. Bh3 Bxh3 18. Rxh3 b5 19. axb5 axb5 20. cxb5 c4 21. b4 Nb3 22. Ra6 Rxb5 23. Nxb5 Qc8 24. Bxg7 Nxg7 25. Rc6 Qxh3 26. Nf4 Qh1+ 27. Ke2 Nc1+ 28. Kd2 Nb3+ 29. Ke2 Nc1+ 30. Kd2 Nb3+ 31. Ke2 Nc1+ 32. Kd2 Nb3+ 1/2-1/2

[Event "Winter Malopolska Cup Master 2022"]
[Site "Krakow"]
[Date "2022.01.17"]
[Round "5.4"]
[White "Szopa, Emilia"]
[Black "Saraev, Yaroslav"]
[Result "1/2-1/2"]
[ECO "B93"]
[WhiteElo "1588"]
[BlackElo "1922"]
[Annotator "ChessBase"]
[PlyCount "117"]
[EventDate "2022.01.15"]
[EventType "swiss"]
[EventCountry "POL"]
[TimeControl "5400+30"]

1. e4 c5 2. Nf3 d6 3. d4 cxd4 4. Nxd4 Nf6 5. Nc3 a6 6. f4 Qc7 7. Be2 e6 8. O-O Be7 9. Kh1 O-O 10. Qe1 Nc6 11. Nxc6 bxc6 12. Qg3 d5 13. e5 Nd7 14. Bd3 Nc5 15. f5 Nxd3 16. cxd3 exf5 17. Bh6 Bf6 18. exf6 Qxg3 19. hxg3 gxh6 20. Rae1 Rb8 21. b3 d4 22. Na4 Be6 23. Rf4 Rfd8 24. Rh4 Bd5 25. Re5 Rb5 26. Kh2 Be4 27. Re7 Bxd3 28. Rxd4 Rbd5 29. Rb4 Bb5 30. Nc3 R5d6 31. Nxb5 cxb5 32. Rf4 Rxf6 33. Re5 Rd2 34. a4 bxa4 35. bxa4 Rdd6 36. Rexf5 Rxf5 37. Rxf5 Kg7 38. Kh3 Kg6 39. Re5 Kf6 40. Rh5 Ke7 41. Re5+ Re6 42. Rf5 Rf6 43. Rd5 Ke6 44. Ra5 Kd7 45. Re5 Kd6 46. Ra5 Kc7 47. Re5 Kb6 48. Rd5 Rc6 49. Rf5 a5 50. Rb5+ Ka6 51. Rf5 f6 52. Rf4 Kb6 53. Rf5 Rd6 54. Rb5+ Ka6 55. Rf5 Rb6 56. Rf4 Kb7 57. Rf5 Ka6 58. Rf4 Kb7 59. Rf5 1/2-1/2

[Event "Winter Malopolska Cup Master 2022"]
[Site "Krakow"]
[Date "2022.01.17"]
[Round "5.5"]
[White "Tokarz, Izabela"]
[Black "Czaplak, Lukasz"]
[Result "0-1"]
[ECO "D35"]
[WhiteElo "1728"]
[BlackElo "1877"]
[Annotator "NA"]
[PlyCount "114"]
[EventDate "2022.01.15"]
[EventType "swiss"]
[EventCountry "POL"]
[TimeControl "5400+30"]

1. d4 d5 2. c4 e6 3. Nc3 Nf6 4. cxd5 exd5 5. Bg5 Nbd7 6. Qc2 c6 7. e3 Be7 8. Bd3 O-O 9. Nge2 Re8 10. O-O Nf8 11. Rae1 Nh5 12. Bxe7 Qxe7 13. e4 dxe4 14. Bxe4 Nf6 15. Bd3 Be6 16. Na4 Bd5 17. Rd1 Ne6 18. Nc5 Nxc5 19. dxc5 Qe5 20. Ng3 h5 21. f4 Qc7 22. h3 Qa5 23. a3 b6 24. cxb6 Qxb6+ 25. Qf2 Qb3 26. Bc2 Qb7 27. b4 Qb6 28. Kh2 Re3 29. Rd3 Rae8 30. Rxe3 Qxe3 31. a4 Qxf2 32. Rxf2 Rb8 33. Re2 Kf8 34. b5 cxb5 35. axb5 Rxb5 36. Re5 Rb2 37. Be4 Bxe4 38. Nxe4 Nxe4 39. Rxe4 Ra2 40. Re5 g6 41. f5 Kg7 42. fxg6 fxg6 43. Kg3 a5 44. Kf3 a4 45. g4 Kf6 46. Ra5 hxg4+ 47. Kxg4 a3 48. Ra6+ Kg7 49. Kg5 Rg2+ 50. Kf4 a2 51. Kf3 Rb2 52. Ra3 Rb3+ 53. Rxb3 a1=Q 54. Re3 Qf1+ 55. Kg3 Qg1+ 56. Kf3 Kh6 57. Re2 Qf1+ 0-1

[Event "Winter Malopolska Cup Master 2022"]
[Site "Krakow"]
[Date "2022.01.17"]
[Round "5.6"]
[White "Klementys, Jerzy"]
[Black "Kania, Franciszek"]
[Result "0-1"]
[ECO "E97"]
[WhiteElo "1564"]
[BlackElo "1528"]
[Annotator "NA"]
[PlyCount "66"]
[EventDate "2022.01.15"]
[EventType "swiss"]
[EventCountry "POL"]
[TimeControl "5400+30"]

1. d4 Nf6 2. c4 g6 3. Nc3 Bg7 4. e4 d6 5. Nf3 O-O 6. Be2 e5 7. O-O Nc6 8. d5 Ne7 9. Bg5 h6 10. Be3 Ng4 11. b4 Nxe3 12. fxe3 f5 13. exf5 Nxf5 14. Qd2 e4 15. Nd4 Re8 16. Nxf5 Bxf5 17. Rac1 a6 18. c5 Be5 19. Bd1 Qh4 20. g3 Qg5 21. Ne2 Kg7 22. Nf4 Re7 23. cxd6 Bxd6 24. Bb3 h5 25. Ne6+ Bxe6 26. dxe6 h4 27. Qd4+ Be5 28. Qxe4 hxg3 29. h3 Bd6 30. Rf7+ Rxf7 31. exf7 Rh8 32. Rf1 g2 33. Rf3 Bh2+ 0-1

[Event "Winter Malopolska Cup Master 2022"]
[Site "Krakow"]
[Date "2022.01.17"]
[Round "5.7"]
[White "Owoc, Jakub"]
[Black "Sadzikowski, Marian"]
[Result "0-1"]
[ECO "B03"]
[WhiteElo "1701"]
[BlackElo "1763"]
[Annotator "NA"]
[PlyCount "52"]
[EventDate "2022.01.15"]
[EventType "swiss"]
[EventCountry "POL"]
[TimeControl "5400+30"]

1. e4 Nf6 2. e5 Nd5 3. d4 Nc6 4. c4 Nb6 5. Nf3 d6 6. exd6 exd6 7. Bd3 Bg4 8. Be3 Be7 9. Nbd2 Bf6 10. h3 Bh5 11. g4 Bg6 12. Bxg6 hxg6 13. g5 Be7 14. d5 Ne5 15. Nxe5 dxe5 16. Qg4 Qd7 17. Qg3 Qf5 18. Rc1 O-O-O 19. Nf3 Qd3 20. Nxe5 Bb4+ 21. Rc3 Bxc3+ 22. bxc3 Qb1+ 23. Ke2 Qxh1 24. Nxf7 Rxh3 25. Qg4+ Rd7 26. Qe6 Qf3+ 0-1

[Event "Winter Malopolska Cup Master 2022"]
[Site "Krakow"]
[Date "2022.01.18"]
[Round "6.4"]
[White "Owoc, Jakub"]
[Black "Czaplak, Lukasz"]
[Result "1/2-1/2"]
[ECO "A06"]
[WhiteElo "1701"]
[BlackElo "1877"]
[Annotator "NA RC"]
[PlyCount "149"]
[EventDate "2022.01.15"]
[EventType "swiss"]
[EventCountry "POL"]
[SourceTitle "playchess.com"]
[Source "ChessBase"]
[SourceQuality "1"]
[TimeControl "5400+30"]

1. Nf3 d5 2. b3 Nf6 3. Bb2 e6 4. c4 Be7 5. cxd5 exd5 6. e3 O-O 7. Be2 c5 8. d4 Nc6 9. O-O h6 10. Nc3 Be6 11. Rc1 cxd4 12. Nxd4 Nxd4 13. Qxd4 a6 14. Rfd1 b5 15. Bf3 Rc8 16. Nxd5 Bxd5 17. Rxc8 Qxc8 18. Bxd5 Rd8 19. e4 Qc2 20. Rc1 Qe2 21. h3 Nh5 22. f4 (22. Bc3 $16) 22... Bf6 23. e5 Bh4 24. Bf3 Rxd4 25. Rc8+ Rd8 26. Rxd8+ Bxd8 27. Bxe2 Nxf4 28. Bg4 Bc7 29. Bd4 Ne6 30. Bc3 Kf8 31. Kf2 Ke7 32. Ke3 Kd7 33. Bh5 g6 34. Bf3 Bb6+ 35. Kd3 Nc5+ 36. Ke2 Bc7 37. b4 Na4 38. Bd4 a5 {[%emt 0:00:32] [#]} ({Black should try} 38... Nb6 $1 $14) 39. Bd5 $1 Ke7 40. a3 (40. bxa5 $18 Bxa5 41. Ke3) 40... axb4 41. axb4 Nb6 42. Bc5+ Ke8 (42... Kd8 $142 43. Bxf7 Nd7) 43. Bc6+ Kd8 44. Bxb5 Nd7 45. Be3 Bxe5 46. Bc4 f6 (46... Bd6 $16 {was necessary.}) 47. Bxh6 Nb6 48. Bf7 ({Better is} 48. Kd3 $18) 48... g5 $1 $11 {[%emt 0:00:06] remains equal.} 49. Bf8 Nd7 50. Bh6 $2 (50. Bg7 $16) 50... Ke7 51. Bb3 Bc3 52. b5 Nc5 53. Bc4 Nd7 (53... Ba5 $16 {was worth a try.} 54. Ke3 Bc3) 54. Ke3 Kd6 (54... Nb6 $16) 55. Ke4 Nc5+ 56. Kf5 Ke7 57. g3 Nb7 58. Kg6 Nd6 59. Bd3 $2 (59. Be2 $18) 59... Be5 $2 ({Black should play} 59... Nf7 $1 $14) 60. h4 Bxg3 {[%emt 0:00:31] [#]} 61. h5 $1 ({And not} 61. hxg5 fxg5 62. Bxg5+ Ke6 $11) 61... Nf7 62. Bg7 $2 (62. Be2 $18 Nxh6 63. Kxh6) 62... Ne5+ 63. Kf5 Nxd3 64. h6 Kf7 65. Bxf6 Nf4 $2 (65... Kg8 $11) 66. Be5 $2 ({White has to play} 66. h7 $18 Ng6 67. b6) 66... Bf2 (66... Kg8 $1 $11) 67. Bc7 ({But not} 67. Kxg5 Ne6+ 68. Kh5 Nf8 $11) ({Much weaker is} 67. Bxf4 gxf4 68. Kxf4 Kg6 $11) (67. h7 $14 Ng6 {[#]} 68. Kxg5 $1) 67... Bd4 68. b6 Bxb6 69. Bxb6 Ne6 70. Ba5 g4 71. Bc3 Nf8 72. Be5 Nh7 73. Bg3 Nf6 74. Be5 $11 Nh7 75. Kxg4 1/2-1/2